Map: Oceanborn LE

Players

CoffeeAme - Winner!

  • Race: Terran Terran
  • League: Master
  • Spawn Location: 5:00

Highdra

  • Race: Protoss Protoss
  • Spawn Location: 11:00

VOD

Have the link to the VOD?

Description

Time

  • Played on: Dec. 18, 2023, 12:57 p.m.
  • Length: 7:03
Show
View Real Time Build Order
Export as new Build Order

CoffeeAme Terran - Winner!

Build Orders: Liberator Opening 

Get SALT Encoding   

  12  0:00  SCV  
  13  0:12  SCV  
  14  0:16  Supply Depot  
  14  0:24  SCV  
  15  0:38  SCV  
  15  0:39  Barracks  
  16  0:43  Refinery  
  16  0:50  SCV  
  16  0:52  Refinery  
  17  1:02  SCV  
  18  1:14  SCV  
  19  1:26  Supply Depot, Reaper  
  19  1:28  Orbital Command  
  20  1:42  Factory  
  20  1:54  SCV  
  20  2:01  Barracks Reactor  
  21  2:06  SCV  
  22  2:19  Command Center  
  22  2:22  SCV  
  23  2:32  Starport  
  25  2:37  Widow Mine  
  25  2:39  SCV  
  25  2:43  Marine x2  
  28  2:50  Supply Depot  
  28  2:51  SCV  
  29  2:58  Factory Tech Lab  
  29  3:01  Marine x2  
  31  3:11  SCV, Medivac  
  34  3:18  Widow Mine  
  34  3:19  Marine x2  
  38  3:24  SCV  
  39  3:36  SCV  
  39  3:39  Marine x2  
  42  3:42  Siege Tank  
  45  3:49  SCV  
  45  3:51  Orbital Command  
  45  3:54  Liberator  
  49  4:01  Supply Depot, SCV  
  50  4:14  Marine x2  
  50  4:16  SCV  
  52  4:20  Siege Tank  
  52  4:27  SCV  
  52  4:28  SCV  
  53  4:36  Marine x2  
  55  4:38  Starport Tech Lab  
  55  4:40  SCV x2  
  55  4:41  Supply Depot x2, Bunker  
  57  4:50  Barracks  
  57  4:54  SCV x2, Marine  
  60  5:02  Siege Tank  
  63  5:11  Marine  
  63  5:12  Marine  
  65  5:14  SCV  
  65  5:15  SCV  
  65  5:18  Refinery, Engineering Bay  
  67  5:22  Barracks  
  67  5:27  SCV x2  
  69  5:29  Marine  
  69  5:30  Marine  
  69  5:33  Supply Depot  
  71  5:36  Siege Tank  
  74  5:43  Marine  
  74  5:47  SCV x2, Marine  
  74  5:49  Marine  
  74  5:59  SCV x2  
  74  6:01  Marine  
  77  6:05  Marine  
  77  6:07  Marine  
  79  6:14  Starport Reactor  
  79  6:15  SCV x2  
  77  6:18  Factory Reactor  
  77  6:19  Marine  
  77  6:22  Marine  
  77  6:25  Marine  
  76  6:26  Marauder  
  76  6:29  SCV  
  75  6:35  SCV  
  75  6:37  Marauder  
  75  6:40  Marine  
  75  6:43  Marine  
  75  6:44  Command Center  
Show
View Real Time Build Order
Export as new Build Order

Highdra Protoss 

Build Orders: 1 Gate Expand, Blink Stalkers 

Get SALT Encoding   

  12  0:00  Probe  
  13  0:12  Probe  
  14  0:17  Pylon  
  14  0:24  Probe (Chrono Boost)  
  15  0:36  Probe (Chrono Boost)  
  15  0:37  Gateway  
  16  0:44  Probe (Chrono Boost)  
  16  0:45  Assimilator  
  17  0:51  Probe  
  18  1:03  Probe  
  19  1:15  Probe  
  20  1:25  Cybernetics Core  
  22  1:35  Nexus  
  20  1:40  Pylon  
  20  1:43  Probe  
  21  1:47  Assimilator  
  21  1:55  Probe  
  21  1:59  Adept (Chrono Boost)  
  22  2:05  Warp Gate  
  22  2:07  Probe  
  24  2:19  Stalker (Chrono Boost), Probe  
  27  2:31  Probe  
  28  2:41  Twilight Council  
  29  2:47  Shield Battery, Probe (Chrono Boost)  
  29  2:48  Probe (Chrono Boost)  
  30  2:58  Probe (Chrono Boost)  
  32  2:59  Probe (Chrono Boost)  
  32  3:07  Gateway, Probe  
  32  3:08  Probe  
  34  3:16  Gateway  
  34  3:19  Blink (Chrono Boost), Probe  
  35  3:20  Probe  
  36  3:31  Probe  
  36  3:32  Probe  
  38  3:36  Robotics Facility  
  38  3:43  Probe  
  38  3:44  Probe  
  40  3:51  Pylon  
  40  3:55  Stalker  
  42  3:57  Probe  
  42  3:58  Probe  
  42  4:01  Stalker  
  46  4:12  Stalker  
  48  4:22  Probe x2  
  48  4:28  Stalker x2  
  51  4:33  Assimilator, Observer  
  51  4:34  Probe  
  51  4:35  Probe  
  53  4:40  Pylon  
  53  4:42  Assimilator  
  53  4:43  Nexus  
  53  4:48  Pylon  
  53  4:49  Probe  
  54  4:58  Stalker, Probe  
  58  5:01  Observer, Pylon, Probe  
  59  5:10  Probe  
  59  5:13  Probe  
  61  5:15  Robotics Bay  
  61  5:16  Forge, Pylon  
  60  5:22  Probe  
  60  5:25  Probe  
  62  5:29  Charge (Chrono Boost)  
  62  5:34  Probe  
  63  5:37  Probe  
  64  5:43  Pylon  
  64  5:45  Stalker x2  
  64  5:46  Probe  
  64  5:49  Probe  
  74  5:58  Stalker  
  74  6:09  Gateway  
  73  6:11  Gateway  
  73  6:13  Gateway  
  65  6:21  Probe x2  
  67  6:28  Stalker  
  67  6:33  Probe x2  
  61  6:45  Probe x2  
  59  6:50  Pylon  
Tags
 
Add a new tag
Caveats
  • Supply blocks, unpowered buildings, or Contaminate may cause inaccurate times.
  • Supply counts are checked every 10 seconds.